 Dungeon Crawl Stone Soup version 0.27-a0-1334-g2746e35aca (webtiles) character file.

Game seed: 9931042068411694952

38 Sabo the Skirmisher (level 3, -5/31 HPs)
             Began as a Palentonga Fighter on June 27, 2021.
             Was an Initiate of Qazlal.
             Slain by Jessica (9 damage)
             ... on level 2 of the Dungeon.
             The game lasted 00:04:50 (1141 turns).

Sabo the Skirmisher (Palentonga Fighter)            Turns: 1141, Time: 00:04:51

Health: -5/31      AC:  0    Str: 20    XL:     3   Next: 25%
Magic:  3/3        EV: 13    Int:  8    God:    Qazlal [......]
Gold:   42         SH:  0    Dex:  9    Spells: 2/2 levels left

rFire    . . .     SeeInvis +   (weapon currently unavailable)
rCold    . . .     Faith    .   (shield currently unavailable)
rNeg     . . .     Spirit   .   (armour currently unavailable)
rPois    .         Reflect  .   (helmet currently unavailable)
rElec    .         Harm     .   (cloak currently unavailable)
rCorr    .         Rampage  .   (gloves currently unavailable)
Will     .....                  (no barding)
Stlth    +.........             h - amulet of regeneration
HPRegen  1.10/turn              (ring currently unavailable)
MPRegen  0.08/turn              (ring currently unavailable)

@: pig-form (expiring), very quick
A: fast, no casting, small, rugged brown scales 3, see invisible, (deformed
body), (roll 1), (armoured tail)
a: Renounce Religion


You were on level 2 of the Dungeon.
You worshipped Qazlal.
Qazlal was noncommittal.
You were a filthy swine.
You visited 1 branch of the dungeon, and saw 2 of its levels.

You collected 42 gold pieces.

Inventory:

Hand Weapons
 a - a +0 war axe (melded)
Missiles
 f - 17 arrows
 g - 6 javelins
 n - 20 sling bullets
Armour
 c - a +0 kite shield (melded)
 m - a +0 chain mail (melded)
Jewellery
 h - an amulet of regeneration (around neck)
Scrolls
 b - a scroll of teleportation {unknown}
 k - 2 scrolls of blinking {unknown}
 l - a scroll of immolation {unknown}
Potions
 d - a potion of might
 e - a potion of haste
 i - a potion of lignification {unknown}
 j - a potion of attraction {unknown}


   Skills:
 + Level 3.1 Fighting
 + Level 2.5 Axes
 + Level 3.0 Armour
 + Level 0.1 Dodging
 + Level 2.6 Shields


You had 2 spell levels left.
You didn't know any spells.
Your spell library contained the following spells:

 Spells                   Type           Power      Damage    Failure   Level
 Summon Small Mammal      Summ           0%         N/A       41%         1
 Call Imp                 Summ           0%         N/A       54%         2
 Call Canine Familiar     Summ           0%         N/A       78%         3
 Summon Guardian Golem    Hex/Summ       0%         N/A       78%         3
 Summon Ice Beast         Ice/Summ       0%         N/A       99%         4
 Summon Lightning Spire   Summ/Air       0%         N/A       99%         4


Dungeon Overview and Level Annotations

Branches:
Dungeon (2/15)

Altars:
Qazlal

Annotations:
D:2 Jessica


Innate Abilities, Weirdness & Mutations

You are a filthy swine.
You move quickly.
Your equipment is almost entirely melded.
You are incapable of wielding weapons or throwing items.
You cannot cast spells.
(You are completely covered in rugged brown scales. (AC +3, +7% HP))
You have supernaturally acute eyesight. (SInv)
((Armour fits poorly on your strangely shaped body.))
((You can roll at nearby foes to attack.))
((You have a long armoured tail.))


Message History

There is an open door here.
You see here a bat corpse.
Found a metal-bound book.
Found 12 gold pieces.
You pick up a book of Callings and begin reading...
You add the spells Summon Small Mammal, Call Imp, Call Canine Familiar, Summon Guardian Golem, Summon Lightning Spire and Summon Ice Beast to your library.
You now have 42 gold pieces (gained 12).
You open the door.
Jessica the Apprentice Sorceress comes into view.
She is wielding a +0 club and carrying a wand of polymorph (9).
Jessica shouts!
Jessica zaps a wand.
You turn into a filthy swine.
Your +0 war axe melds into your body.
Your +0 kite shield melds into your body.
Your +0 chain mail melds into your body.
Jessica points at you and mumbles some strange words.
You barely resist.
Jessica drinks a potion.
Jessica seems to grow stronger.
You hit Jessica but do no damage. Jessica hits you with a +0 club!
You hit Jessica but do no damage.
Jessica zaps a wand.
You hit Jessica but do no damage. You hit Jessica.
Jessica is heavily wounded.
Jessica hits you with a +0 club!
You hit Jessica.
Jessica is severely wounded.
Your transformation is almost over.
Jessica barely misses you.
You barely miss Jessica.
Jessica is severely wounded.
Jessica points at you and mumbles some strange words.
Pain shoots through your body!
* * * LOW HITPOINT WARNING * * *
You hit Jessica but do no damage.
Jessica is severely wounded.
Jessica hits you with a +0 club.
* * * LOW HITPOINT WARNING * * *
You hit Jessica.
Jessica is almost dead.
Jessica hits you with a +0 club!
You die...

######## #......# ####
##......#
...######.......########
........'.......h@......
...######...###.....####
...# #...# #.....#
...######...#########
.................
.)....###########
......# #.....# #.....#


You could see Jessica (strong).

Vanquished Creatures
  A worm (D:2)
  A dart slug (D:1)
  3 ball pythons (D:1)
  2 bats
  2 giant cockroaches (D:1)
  5 goblins (D:1)
  5 hobgoblins (D:1)
  5 jackals (D:1)
  A frilled lizard (D:1)
  A kobold (D:1)
  2 rats
28 creatures vanquished.

Notes
Turn   | Place    | Note
-------+----------+-------------------------------------------
     0 | D:1      | Sabo the Palentonga Fighter began the quest for the Orb.
     0 | D:1      | Reached XP level 1. HP: 19/19 MP: 1/1
   340 | D:1      | Reached XP level 2. HP: 23/25 MP: 2/2
   711 | D:1      | Reached XP level 3. HP: 29/31 MP: 3/3
  1051 | D:2      | Found a stormy altar of Qazlal.
  1062 | D:2      | Became a worshipper of Qazlal Stormbringer
  1129 | D:2      | Noticed Jessica
  1141 | D:2      | Slain by Jessica

Illustrated notes

Levels and vault maps discovered:
D:1:      psy_arrival_fountain, layout_rooms
D:2:      layout_basic, basic_altar, ebering_ecumenical_altar_rust, uniq_robin,
          uniq_jessica, uniq_terence

Skill      XL: |  1  2 |
---------------+-------+-----
Armour         | 3 |  3.0
Fighting       | |  3.1
Axes           | |  2.5
Dodging        | |  0.1
Shields        | |  2.6

Action                   || total
-------------------------++-------
Melee: War axe           ||    82
       Tailslap          ||    11
       Unarmed           ||     8
Armor: Scale mail        ||    48
       Chain mail        ||     8
Dodge: Dodged            ||    12
Block: Kite shield       ||    56

Table legend: (Time is in decaauts)
 A = Elapsed time spent in this place.
 B = Non-inter-level travel time spent in this place.
 C = Inter-level travel time spent in this place.
 D = Time resting spent in this place.
 E = Time spent auto-exploring this place.
 F = Levels seen in this place.
 G = Mean time per level.
                   A        B        C        D        E       F      G
               +--------+--------+--------+--------+--------+-----+--------+
         Total |   1189 |   1187 |      2 |    326 |      0 |   2 |  594.5 |
       Dungeon |   1189 |   1187 |      2 |    326 |      0 |   2 |  594.5 |
               +--------+--------+--------+--------+--------+-----+--------+

Top non-repeatable levels by time:
     D:1: 975 daAuts
     D:2: 214 daAuts
